 Dungeon Crawl Stone Soup version 0.16.1-29-g3e760ad (webtiles) character file.

209619 hannobal the Bludgeoner (level 18, -5/154 HPs)
             Began as a Yellow Draconian Summoner on May 27, 2015.
             Was an Elder of Cheibriados.
             Slain by a vault warden
             ... wielding a +0 war axe
              (30 damage)
             ... on level 1 of the Vaults on June 11, 2015.
             The game lasted 07:24:58 (75065 turns).

hannobal the Bludgeoner (DrSu)                     Turns: 75065, Time: 07:24:58

Health: -5/154     AC: 19    Str: 19    XL:     18   Next: 16%
Magic:  1/41       EV: 24    Int: 32    God:    Cheibriados [****..]
Gold:   1891       SH:  0    Dex: 26    Spells: 11 memorised, 2 levels left

rFire  . . .     SeeInvis .     a - +7 great mace (venom)
rCold  . . .     Clarity  +     (armour unavailable)
rNeg   . . .     SustAb   .     (no shield)
rPois  +         Gourm    .     (helmet restricted)
rElec  +         Spirit   .     L - +2 cloak
rCorr  +         Warding  .     h - +2 pair of gloves
rMut   .         Stasis   .     M - +2 pair of boots
MR     ++...                    g - amulet of clarity
Stlth  +++.......               v - ring of Harmony {Contam rElec rPois MP+9 Str-3 Dex+4, !P}
                                z - ring of protection from magic

@: about to teleport, controlling teleports (expiring), very slow, very
resistant to hostile enchantments, fairly stealthy
A: spit acid, acid resistance, unfitting armour, acidic bite, cold-blooded, AC
+10
a: Spit Acid, Bend Time, Temporal Distortion, Slouch, Renounce Religion
}: 1/15 runes: decaying


You were on level 1 of the Vaults.
You worshipped Cheibriados.
Cheibriados was greatly pleased with you.
You were hungry.

You visited 7 branches of the dungeon, and saw 38 of its levels.

You collected 3425 gold pieces.
You spent 1534 gold pieces at shops.

Inventory:

Hand weapons
 a - a +7 great mace of venom (weapon)
 b - the +10 arbalest of the People {flame, rPois Str-2 Int+4 Dex+3}
   (You found it on level 1 of the Vaults)

   It causes projectiles fired from it to burn those they strike, causing extra
   injury to most foes and up to half again as much damage against particularly
   susceptible opponents.
   It affects your strength (-2).
   It affects your intelligence (+4).
   It affects your dexterity (+3).
   It protects you from poison.
 q - a +8 blowgun
Missiles
 w - 275 bolts
 x - 2 throwing nets
 B - 4 javelins (quivered)
 E - 64 bolts of penetration
 P - 13 needles of confusion
 V - 12 curare-tipped needles
Armour
 h - a +2 pair of gloves (worn)
 L - a +2 cloak (worn)
 M - a +2 pair of boots (worn)
Jewellery
 f - an uncursed ring of protection from fire
 g - an amulet of clarity (around neck)
 n - an uncursed ring of flight
 p - an uncursed amulet of warding
 s - an uncursed ring of protection from cold
 v - the ring of Harmony (right hand) {Contam rElec rPois MP+9 Str-3 Dex+4, !P}
   (You found it on level 10 of the Dungeon)

   [ring of magical power]

   It affects your strength (-3).
   It affects your dexterity (+4).
   It insulates you from electricity.
   It protects you from poison.
   It affects your magic capacity (+9).
   It causes magical contamination when unequipped.
 z - a ring of protection from magic (left hand)
 X - an uncursed ring of sustain abilities
Magical devices
 i - a wand of enslavement (9)
 j - a wand of disintegration (7)
 u - a wand of digging (12)
Scrolls
 l - 3 scrolls of teleportation
 r - 15 scrolls of remove curse
 C - 2 scrolls of magic mapping
 D - a scroll of blinking
 I - 6 scrolls of recharging
 J - 5 scrolls of identify
 K - a scroll of silence
 T - 3 scrolls of fear
 Y - 2 scrolls of fog
Potions
 e - 5 potions of heal wounds
 o - 4 potions of cancellation
 t - a potion of agility
 G - 14 potions of curing
 H - 5 potions of might
 S - a potion of magic
Books
 F - a book of Unlife

   Spells                             Type                      Level
   a - Recall                         Summoning/Translocation      3
   b - Animate Dead                   Necromancy                   4
   c - Control Undead                 Necromancy                   4
   d - Cigotuvi's Embrace             Necromancy                   5
   e - Death Channel                  Necromancy                   6
   f - Simulacrum                     Ice/Necromancy               6
Miscellaneous
 A - a fan of gales
Comestibles
 c - 24 bread rations
 d - 6 royal jellies
 O - 8 meat rations


   Skills:
 - Level 12.1 Fighting
 - Level 20.0 Maces & Flails
   Level 0.6(13.5) Staves
   Level 3.0 Bows
 + Level 1.7 Crossbows
 - Level 1.0 Throwing
 - Level 10.5 Dodging
 - Level 4.0 Stealth
 - Level 8.2 Spellcasting
 - Level 5.0 Charms
 - Level 11.0 Summonings
 - Level 5.0 Translocations
 - Level 4.2 Ice Magic
 - Level 4.0 Air Magic
 - Level 12.0 Invocations
 - Level 5.2 Evocations


You had 2 spell levels left.
You knew the following spells:

 Your Spells              Type           Power        Failure   Level  Hunger
a - Apportation           Tloc           #####.....   1%          1    None
b - Blink                 Tloc           N/A          1%          2    None
c - Call Canine Familiar  Summ           ######..     1%          3    None
e - Summon Butterflies    Summ           ######..     1%          1    None
f - Teleport Other        Tloc           #####...     1%          3    None
g - Passage of Golubria   Tloc           N/A          6%          4    None
i - Summon Ice Beast      Ice/Summ       ######..     1%          4    None
l - Summon Lightning Spi  Summ/Air       ######..     1%          4    None
p - Portal Projectile     Tloc           #####.       1%          3    None
s - Shroud of Golubria    Chrm/Tloc      #####.....   1%          2    None
t - Control Teleport      Chrm/Tloc      #####.....   6%          4    None


Dungeon Overview and Level Annotations

Branches:
Dungeon (15/15)            Temple (1/1) D:6            Lair (8/8) D:9
  Swamp (5/5) Lair:4        Snake (4/5) Lair:4        Slime (0/6) Lair:6
    Orc (4/4) D:10            Elf (0/3) Orc:4        Vaults (1/5) D:14
 Depths (0/5) D:15

Altars:
Ashenzari
Cheibriados
Dithmenos
Elyvilon
Fedhas
Gozag
Kikubaaqudgha
Makhleb
Nemelex Xobeh
Okawaru
Qazlal
Ru
Sif Muna
Trog
Vehumet
Xom
Yredelemnul
Zin
The Shining One
Beogh

Shops:
D:4 (*   D:6 %   D:7 =   D:9 }   Orc:4 *%[

Annotations:
Swamp:5 Lernaean hydra
Snake:3 !, Mara
Snake:4 Kirke
Orc:3 exclusion: upstairs
Orc:4 Saint Roka


Innate Abilities, Weirdness & Mutations

You can spit globs of acid.
You can corrode armour when you spit acid.
You are resistant to acid.
Your golden yellow scales are hard (AC +10).
Your body does not fit into most forms of armour.
You have acidic saliva.
Your cold-blooded metabolism reacts poorly to cold.


Message History

Read which item? (? for menu, Esc to quit)
As you read the scroll of teleportation, it crumbles to dust.
You feel strangely unstable.
You feel your translocation being delayed.
The vault warden activates a sealing rune.
Drink which item? (? for menu, Esc to quit)
You feel much better.
You closely miss the vault warden. The vault warden blocks your attack.
You bite the vault warden, but do no damage.
The vault warden is almost dead.
The vault warden hits you with a war axe!!
* * * LOW HITPOINT WARNING * * *
You hit the vault warden.
The vault warden is almost dead.
You closely miss the vault warden. You tail-slap the vault warden.
The vault warden blocks your attack.
The vault warden is almost dead.
You start to feel a little uncertain.
The vault warden hits you with a war axe!!
You die...

#####).[#.# #.....# #..
#..###.#..# #.....# #..
#...###)∩.# ####### #..
#.........# #.. ########### #..
#.. #..
###############################..
................@p...............
.................................
.................................
.....................)...........
#####'#########+####++#########..
#......# #.....(.....# #..
#......# #...........# #..
#....?.# #...........# #..
#......# #...........# #..


You could see a vault warden.

Vanquished Creatures
  Agnes (Snake:2)
  Frances (Snake:2)
  3 thorn hunters
  An orc warlord (Orc:2)
  A stone giant (Orc:4)
  A yaktaur captain (Vaults:1)
  Josephine (D:14)
  16 hydras
  8 naga warriors
  3 centaur warriors
  Nessos (Swamp:1)
  4 ghost crabs
  15 alligators
  7 anacondas
  An ogre mage (Vaults:1)
  3 tengu warriors
  2 death yaks
  5 naga sharpshooters
  6 shock serpents
  A shadow wraith (Vaults:1)
  3 skeletal warriors (D:15)
  2 spriggan druids
  12 swamp dragons
  4 wizards
  A shambling mangrove (Swamp:5)
  6 naga ritualists
  7 mana vipers
  3 ironbrand convokers (Vaults:1)
  11 ugly things
  3 hill giants
  3 salamanders
  2 manticores
  3 orc knights
  2 wolf spiders (Vaults:1)
  2 griffons
  An orc sorcerer (Vaults:1)
  19 slime creatures
  30 black mambas
  4 hornets
  A vault sentinel (Vaults:1)
  5 centaur zombies
  2 guardian serpents (Snake:3)
  5 naga magi
  4 elephants
  A black mamba (shapeshifter) (Vaults:1)
  A spiny frog (shapeshifter) (D:14)
  16 spiny frogs
  4 komodo dragons
  3 fire drakes (Lair:8)
  A kobold demonologist (D:13)
  2 tengu conjurers
  10 trolls
  9 giant leeches
  8 blink frogs
  5 yaktaurs (Vaults:1)
  5 two-headed ogres
  5 boulder beetles
  13 ravens
  A trapdoor spider zombie (D:8)
  10 bog bodies
  14 baby alligators
  2 basilisks
  12 spriggans
  A tarantella (shapeshifter) (D:12)
  A trapdoor spider (D:14)
  7 wraiths
  A mottled dragon (D:10)
  2 shadows
  Eustachio (D:7)
  4 deep elf magi
  20 yaks
  Grum (D:13)
  A hungry ghost (D:14)
  26 vampire mosquitoes
  4 wargs
  2 wyverns
  6 hippogriffs
  25 insubstantial wisps
  25 nagas
  27 swamp worms
  5 soldier ants
  46 water moccasins
  A necrophage (D:14)
  An eye of draining (D:13)
  12 wolves
  3 ice beasts
  9 porcupines
  A black bear (D:9)
  2 sky beasts
  18 swamp drakes
  A slave (D:4)
  4 centaurs
  38 orc warriors
  10 wasps
  16 ogres
  2 boring beetles
  20 crocodiles
  A gnoll sergeant (D:11)
  A big kobold (D:12)
  21 giant frogs
  5 jellies
  6 scorpions
  7 killer bees
  5 electric eels (Snake:1)
  3 wights (D:11)
  A goliath beetle (D:7)
  4 crimson imps (D:10)
  A quasit (D:13)
  3 giant frog skeletons
  35 orc priests
  5 centaur skeletons
  12 hounds
  10 worker ants
  22 orc wizards
  6 iguanas
  4 sheep
  A hound zombie (D:7)
  A hound skeleton (D:10)
  A mummy (D:12)
  4 gnolls (D:11)
  40 river rats
  15 adders
  A shadow imp (D:12)
  A worm (D:2)
  An adder zombie (D:5)
  2 adder skeletons
  6 giant geckos
  2 oozes
  178 orcs
  3 bat skeletons (D:4)
  7 giant cockroaches
  16 goblins
  21 hobgoblins
  2 jackals
  9 bats
  A giant gecko zombie (D:8)
  4 giant newts
  8 giant spores
  17 kobolds
  2 orc zombies (Orc:2)
  12 quokkas
  A quokka skeleton (D:9)
  A quokka zombie (D:5)
  17 rats
  A rat zombie (D:5)
  A spectral orc (Lair:4)
  76 ballistomycetes
  3 fungi
  5 plants
1293 creatures vanquished.

Vanquished Creatures (collateral kills)
  Rupert (Swamp:1)
  A thorn hunter (Swamp:5)
  A fire giant (D:15)
  3 dire elephants (Lair:8)
  The ghost of tognito the Fighter, a powerful MiBe of Trog (Orc:4)
  Harold (Lair:4)
  11 hydras
  2 anacondas
  Erica (D:10)
  An ogre mage (Vaults:1)
  A tengu warrior (D:10)
  6 death yaks
  An orc high priest (Orc:2)
  Urug (Orc:3)
  Nergalle (Lair:4)
  Erolcha (D:11)
  A skeletal warrior (D:15)
  A spriggan druid (Swamp:1)
  2 unseen horrors
  A swamp dragon (shapeshifter) (D:10)
  2 ironbrand convokers (Vaults:1)
  A shambling mangrove (Swamp:5)
  2 naga ritualists
  Pikel (D:5)
  4 orc knights
  5 orc sorcerers
  2 mana vipers (Snake:1)
  2 oklob plants (Lair:6)
  12 slime creatures
  2 cyclopes (D:12)
  A hornet (Swamp:5)
  A manticore (D:9)
  A salamander (Snake:3)
  4 ugly things
  Maurice (D:8)
  A guardian serpent (Snake:3)
  A queen ant (D:10)
  9 elephants
  6 black mambas
  15 spiny frogs
  A torpor snail (Lair:6)
  A vault sentinel (Vaults:1)
  5 komodo dragons
  2 yaktaurs (Vaults:1)
  6 naga magi
  A tengu conjurer (D:14)
  A red devil (Snake:2)
  A deep elf priest (D:15)
  2 trolls
  Prince Ribbit (D:5)
  13 blink frogs
  2 deep elf magi (D:15)
  A giant leech (Swamp:3)
  2 bog bodies
  2 shadows
  7 baby alligators
  6 ravens
  A wolf spider simulacrum (D:15)
  2 spriggans (Swamp:4)
  4 basilisks
  22 yaks
  A hungry ghost (D:10)
  7 nagas
  2 wyverns
  2 deep elf fighters (D:15)
  3 hippogriffs
  10 vampire mosquitoes
  17 soldier ants
  3 swamp worms
  Menkaure (D:5)
  3 insubstantial wisps
  6 wargs
  3 swamp drakes
  An ice beast (D:6)
  4 wolves
  4 wasps
  6 porcupines
  2 slaves (D:5)
  A spider (D:8)
  A phantom (D:5)
  6 water moccasins
  11 ogres
  16 orc warriors
  11 centaurs
  6 crocodiles
  3 boring beetles
  Sigmund (D:5)
  A big kobold (D:13)
  Duvessa (D:5)
  3 brain worms
  Blork the orc (D:8)
  9 giant frogs
  A wyvern zombie (D:6)
  A scorpion (D:4)
  2 wights (D:11)
  A jelly (D:10)
  A warg zombie (Orc:2)
  A spectral wolf (Swamp:5)
  5 killer bees
  Dowan (D:5)
  A crimson imp (D:9)
  A quasit (D:7)
  2 centaur skeletons
  3 hounds
  3 iguanas
  21 orc wizards
  17 worker ants
  12 orc priests
  2 spectral orcs (Lair:4)
  8 sheep
  A hound skeleton (D:5)
  9 adders
  4 gnolls (D:3)
  23 river rats
  An ufetubus (D:7)
  3 worms
  An adder zombie (D:7)
  5 orc zombies
  3 giant geckos
  100 orcs
  A bat zombie (D:5)
  2 giant cockroaches
  10 hobgoblins
  A jackal (D:1)
  4 kobolds
  3 quokkas
  6 bats
  A giant newt (D:6)
  6 goblins
  An orc skeleton (Orc:2)
  3 rats
  A rat zombie (D:5)
  11 ballistomycetes (D:10)
  3 butterflies (Snake:3)
  3 plants
630 creatures vanquished.

Vanquished Creatures (others)
  A spiny frog (Swamp:1)
  An air elemental (Orc:2)
  10 wolves
  33 wargs
  98 ice beasts
  60 lightning spires
  A jelly (D:10)
  2 crimson imps
  21 hounds
  An iron imp (D:5)
  A sheep (Lair:5)
  A shadow imp (D:5)
  7 white imps
  An orc (D:10)
  5 quokkas
  15 giant spores (D:10)
  A kobold (D:10)
  5 rats
  14 fungi
  4 plants (Lair:8)
282 creatures vanquished.

Grand Total: 2205 creatures vanquished

Notes
Turn   | Place    | Note
--------------------------------------------------------------
     0 | D:1      | hannobal, the Draconian Summoner, began the quest for the Orb.
     0 | D:1      | Reached XP level 1. HP: 14/14 MP: 3/3
     3 | D:1      | Noticed an electric eel
     3 | D:1      | Noticed an electric eel
   538 | D:1      | Reached XP level 2. HP: 20/20 MP: 1/4
   545 | D:1      | Learned a level 2 spell: Call Imp
  1802 | D:2      | Reached skill level 5 in Summonings
  2014 | D:2      | Reached XP level 3. HP: 26/26 MP: 0/6
  2025 | D:2      | Learned a level 3 spell: Call Canine Familiar
  3107 | D:2      | Reached XP level 4. HP: 19/33 MP: 0/9
  3947 | D:3      | Learned a level 4 spell: Summon Ice Beast
  4242 | D:3      | Found a basalt altar of Yredelemnul.
  4468 | D:3      | Reached XP level 5. HP: 35/38 MP: 12/12
  4564 | D:4      | Found Gozag's Platinum Reserve.
  4580 | D:4      | Found an opulent altar of Gozag.
  4660 | D:4      | Reached skill level 1 in Ice Magic
  4957 | D:4      | Found Ylesm's Antique Weapon Shop.
  4966 | D:4      | Bought a glowing great mace for 136 gold pieces
  5529 | D:4      | Reached skill level 6 in Summonings
  5529 | D:4      | Reached XP level 6. HP: 35/45 MP: 13/13
  5677 | D:4      | Found a burning altar of Makhleb.
  5766 | D:5      | Entered Level 5 of the Dungeon
  5874 | D:4      | Reached skill level 1 in Fighting
  5964 | D:5      | Noticed Duvessa
  5966 | D:5      | Noticed Dowan
  5989 | D:5      | Killed Duvessa
  6008 | D:5      | Killed Dowan
  6338 | D:5      | Found an ancient bone altar of Kikubaaqudgha.
  6593 | D:5      | Your scales start taking on a golden yellow colour.
  6593 | D:5      | Reached XP level 7. HP: 34/56 MP: 17/17
  6912 | D:5      | Noticed Prince Ribbit
  6944 | D:5      | Killed Prince Ribbit
  7185 | D:5      | Noticed Menkaure
  7195 | D:5      | Noticed Sigmund
  7247 | D:5      | Killed Sigmund
  7247 | D:5      | Reached skill level 7 in Summonings
  7260 | D:5      | Killed Menkaure
  8494 | D:6      | Learned a level 4 spell: Summon Lightning Spire
  8528 | D:6      | Noticed Pikel
  8918 | D:5      | Killed Pikel
  8918 | D:5      | Reached skill level 8 in Summonings
  8918 | D:5      | Reached XP level 8. HP: 59/62 MP: 5/18
  9002 | D:6      | Found an iron altar of Okawaru.
  9076 | D:6      | Reached skill level 1 in Air Magic
  9186 | D:6      | Found Kelul's Food Shop.
  9193 | D:6      | Found a staircase to the Ecumenical Temple.
  9222 | Temple   | Entered the Ecumenical Temple
  9501 | Temple   | Became a worshipper of the Shining One
  9556 | D:6      | Was placed under penance by the Shining One
  9560 | D:6      | Reached skill level 1 in Invocations
  9670 | D:6      | Found a shadowy altar of Dithmenos.
 10277 | D:7      | Noticed Eustachio
 10336 | D:6      | Fell from the grace of the Shining One
 10457 | Temple   | Became a worshipper of Cheibriados the Contemplative
 11080 | D:7      | Found a sacrificial altar of Ru.
 11269 | D:7      | Found Waopakysch's Jewellery Emporium.
 11291 | D:7      | Killed Eustachio
 11291 | D:7      | Reached skill level 9 in Summonings
 11492 | D:7      | Found a shattered altar of Ashenzari.
 11873 | D:8      | Acquired Cheibriados' first power
 11941 | D:8      | Reached XP level 9. HP: 57/68 MP: 12/19
 12094 | D:8      | Noticed Blork the orc
 12101 | D:8      | Killed Blork the orc
 12221 | D:8      | Noticed Maurice
 12244 | D:8      | Killed Maurice
 12244 | D:8      | Reached skill level 10 in Summonings
 12731 | D:8      | Reached skill level 5 in Spellcasting
 13611 | D:9      | Reached skill level 5 in Fighting
 13800 | D:9      | Found Xaffuk's Gadget Shop.
 13868 | D:9      | Learned a level 2 spell: Blink
 13870 | D:9      | Learned a level 1 spell: Apportation
 13970 | D:9      | Reached skill level 1 in Maces & Flails
 13970 | D:9      | Reached skill level 1 in Translocations
 14004 | D:9      | Reached XP level 10. HP: 63/81 MP: 4/23
 14010 | D:9      | Acquired Cheibriados' second power
 14249 | D:9      | Found a staircase to the Lair.
 14279 | D:9      | Learned a level 3 spell: Portal Projectile
 14322 | D:9      | Reached skill level 1 in Throwing
 14740 | D:9      | Noticed a manticore
 14747 | D:9      | Killed a manticore
 15024 | D:9      | Reached skill level 1 in Evocations
 15110 | Lair:1   | Entered Level 1 of the Lair of Beasts
 15418 | Lair:1   | Reached skill level 5 in Invocations
 15500 | Lair:1   | Acquired Cheibriados' third power
 15910 | Lair:1   | Reached skill level 5 in Dodging
 16144 | Lair:1   | Noticed a seven-headed hydra
 16154 | Lair:1   | Killed a seven-headed hydra
 16856 | Lair:1   | Reached XP level 11. HP: 88/88 MP: 25/25
 17009 | Lair:2   | Learned a level 4 spell: Passage of Golubria
 17088 | Lair:2   | Acquired Cheibriados' fourth power
 17183 | Lair:2   | Got a faintly glowing war axe
 17184 | Lair:2   | Identified the +8 war axe "Phiuc" {chop, Contam rElec MR- Dex+2 SInv} (You found it on level 2 of the Lair of Beasts)
 17432 | D:7      | Bought an uncursed amulet of clarity for 280 gold pieces
 18840 | Lair:2   | Learned a level 1 spell: Summon Butterflies
 18901 | Lair:3   | Reached skill level 5 in Translocations
 19473 | Lair:3   | Reached skill level 11 in Summonings
 20348 | Lair:4   | Found a staircase to the Snake Pit.
 20496 | Lair:4   | Noticed Nergalle
 20932 | Lair:4   | Noticed a death yak
 20933 | Lair:4   | Noticed a death yak
 20937 | Lair:4   | Noticed a death yak
 21175 | Lair:3   | Killed a death yak
 21177 | Lair:3   | Noticed a seven-headed hydra
 21182 | Lair:3   | Killed a death yak
 21185 | Lair:3   | Killed a seven-headed hydra
 21478 | Lair:4   | Noticed a death yak
 21480 | Lair:4   | Killed a death yak
 21480 | Lair:4   | Reached XP level 12. HP: 48/95 MP: 15/28
 21676 | Lair:4   | Killed a death yak
 21962 | Lair:2   | Learned a level 3 spell: Teleport Other
 22038 | D:10     | Entered Level 10 of the Dungeon
 22929 | D:10     | Reached skill level 5 in Maces & Flails
 23040 | D:10     | Noticed Erica
 23049 | D:10     | Killed Erica
 23208 | D:10     | Got a brightly glowing bronze ring
 23210 | D:10     | Identified the ring of Harmony {Contam rElec rPois MP+9 Str-3 Dex+4} (You found it on level 10 of the Dungeon)
 24259 | D:10     | Found a staircase to the Orcish Mines.
 24917 | Orc:1    | Entered Level 1 of the Orcish Mines
 25353 | Orc:2    | Noticed Urug
 25666 | Orc:3    | Killed Urug
 26088 | Orc:2    | Found a bloodstained altar of Trog.
 26207 | Orc:2    | Noticed an orc warlord
 26803 | Orc:3    | Found a roughly hewn altar of Beogh.
 27297 | Orc:3    | Reached skill level 10 in Maces & Flails
 27955 | Orc:2    | Killed an orc warlord
 28477 | Orc:2    | Reached XP level 13. HP: 97/103 MP: 15/29
 29869 | Orc:4    | Entered Level 4 of the Orcish Mines
 30312 | Orc:4    | Noticed tognito's ghost (powerful MiBe)
 30335 | Orc:4    | Found Ocaac's Food Emporium.
 30505 | Orc:4    | Killed tognito's ghost
 30605 | Orc:4    | Noticed a stone giant
 30631 | Orc:4    | Killed a stone giant
 30811 | Orc:4    | Found a roughly hewn altar of Beogh.
 30915 | Orc:4    | Found a roughly hewn altar of Beogh.
 30939 | Orc:4    | Found a roughly hewn altar of Beogh.
 30940 | Orc:4    | Found Fosoix's Armour Shoppe.
 31083 | Orc:4    | Found a white marble altar of Elyvilon.
 31098 | Orc:4    | Found a roughly hewn altar of Beogh.
 31155 | Orc:4    | Found a roughly hewn altar of Beogh.
 31160 | Orc:4    | Found Kausauca's Assorted Antiques.
 31161 | Orc:4    | Reached skill level 12 in Maces & Flails
 31184 | Orc:4    | Bought an inky potion for 35 gold pieces
 31184 | Orc:4    | Bought a scroll labeled CEDGHE DAMUA for 39 gold pieces
 31184 | Orc:4    | Bought a glowing hand crossbow for 136 gold pieces
 31616 | Orc:4    | Found a staircase to the Elven Halls.
 32047 | Orc:4    | Noticed Saint Roka
 32539 | Lair:2   | Learned a level 2 spell: Shroud of Golubria
 32560 | Lair:4   | Found a staircase to the Swamp.
 32831 | Lair:4   | Killed Nergalle
 32831 | Lair:4   | Reached skill level 1 in Charms
 33092 | Lair:4   | Noticed Harold
 33113 | Lair:4   | Killed Harold
 34116 | Lair:5   | Reached skill level 13 in Maces & Flails
 34249 | Lair:5   | Upgraded the game from 0.16.1-28-gcc2312f to 0.16.1-29-g3e760ad
 36621 | Lair:7   | Reached skill level 14 in Maces & Flails
 37441 | Lair:8   | Entered Level 8 of the Lair of Beasts
 38092 | Lair:8   | Gained mutation: You have acidic saliva. [draconian growth]
 38092 | Lair:8   | Reached XP level 14. HP: 104/115 MP: 30/30
 39150 | Lair:8   | HP: 4/115 [dire elephant (24)]
 39153 | Lair:8   | Reached skill level 10 in Invocations
 40387 | Orc:4    | Bought a +1 pair of gloves for 138 gold pieces
 40387 | Orc:4    | Bought a +0 buckler for 54 gold pieces
 40698 | Orc:4    | Found a roughly hewn altar of Beogh.
 41313 | D:11     | Noticed Erolcha
 41325 | D:11     | Killed Erolcha
 42634 | D:12     | Found an iron altar of Okawaru.
 43833 | D:13     | Noticed Grum
 43848 | D:13     | Killed Grum
 44226 | D:13     | Reached skill level 15 in Maces & Flails
 44412 | D:13     | Got a pair of brightly glowing gloves
 44423 | D:13     | Identified the +1 pair of gloves of Elitism {rC+ rN+ MR- Str+2 Int-2} (You found it on level 13 of the Dungeon)
 45549 | D:14     | Noticed Josephine
 45565 | D:14     | Killed Josephine
 45750 | D:14     | Reached skill level 10 in Fighting
 45828 | D:14     | Found a gate to the Vaults.
 46075 | D:15     | Entered Level 15 of the Dungeon
 46273 | D:15     | Found a staircase to the Depths.
 46274 | D:15     | Noticed a fire giant
 46387 | D:15     | Reached XP level 15. HP: 126/126 MP: 30/30
 46393 | D:15     | Killed a fire giant
 47094 | D:15     | Found a stormy altar of Qazlal.
 49169 | D:7      | Bought an uncursed ring of flight for 245 gold pieces
 49169 | D:7      | Bought an uncursed ring of protection from cold for 350 gold pieces
 49708 | Lair:6   | Found a staircase to the Slime Pits.
 49852 | Swamp:1  | Entered Level 1 of the Swamp
 49859 | Swamp:1  | Noticed Rupert
 49872 | Swamp:1  | Killed Rupert
 50124 | Swamp:1  | Noticed Nessos
 50128 | Swamp:1  | Killed Nessos
 50358 | Swamp:1  | Reached skill level 5 in Evocations
 51462 | Swamp:1  | Reached skill level 16 in Maces & Flails
 54401 | Swamp:3  | Reached XP level 16. HP: 116/134 MP: 31/31
 54809 | Swamp:3  | Reached skill level 17 in Maces & Flails
 57542 | Swamp:4  | Reached skill level 18 in Maces & Flails
 59876 | Swamp:5  | Entered Level 5 of the Swamp
 60025 | Swamp:5  | Learned a level 4 spell: Control Teleport
 61331 | Swamp:5  | Reached skill level 5 in Charms
 61434 | Swamp:5  | Noticed the 27-headed Lernaean hydra
 62804 | Swamp:5  | Reached XP level 17. HP: 118/140 MP: 32/32
 62813 | Swamp:5  | Got a decaying rune of Zot
 63018 | Swamp:5  | Reached skill level 19 in Maces & Flails
 63766 | Lair:3   | Noticed a four-headed hydra
 63772 | Lair:3   | Killed a four-headed hydra
 63875 | Snake:1  | Entered Level 1 of the Snake Pit
 66638 | Snake:2  | Noticed Frances
 66657 | Snake:2  | Killed Frances
 66657 | Snake:2  | Reached skill level 20 in Maces & Flails
 66824 | Snake:2  | Noticed Agnes
 66827 | Snake:2  | Killed Agnes
 68074 | Snake:3  | Found a runed door.
 69669 | Snake:3  | Noticed Mara
 69674 | Snake:3  | Noticed hannobal's illusion
 70966 | Snake:3  | Reached skill level 10 in Dodging
 71478 | Snake:3  | Noticed hannobal's illusion
 71699 | Snake:4  | Noticed Kirke
 72063 | Vaults:1 | Entered Level 1 of the Vaults
 72418 | Vaults:1 | Reached XP level 18. HP: 151/151 MP: 32/32
 72766 | Vaults:1 | Found a bloodstained altar of Trog.
 73735 | Vaults:1 | Got a polished arbalest
 73736 | Vaults:1 | Identified the +10 arbalest of the People {flame, rPois Str-2 Int+4 Dex+3} (You found it on level 1 of the Vaults)
 74068 | D:12     | Reached skill level 1 in Crossbows
 74782 | D:9      | Bought a wand of enslavement (9) for 121 gold pieces
 75065 | Vaults:1 | Slain by a vault warden

Action                   |  1- 3 |  4- 6 |  7- 9 | 10-12 | 13-15 | 16-18 || total
-------------------------+-------+-------+-------+-------+-------+-------++-------
Melee: Whip              |    16 |       |       |       |       |       ||    16
       Spear             |   133 |       |       |       |       |       ||   133
       Short sword       |     3 |    74 |       |       |       |       ||    77
       Staff             |       |     2 |       |       |       |       ||     2
       Great mace        |       |    96 |   199 |   662 |  1335 |   775 ||  3067
 Fire: Shortbow          |       |       |       |   170 |   303 |       ||   473
       Longbow           |       |       |       |       |    87 |   433 ||   520
       Blowgun           |       |       |       |       |       |     3 ||     3
       Arbalest          |       |       |       |       |       |     7 ||     7
Throw: Javelin           |       |     5 |    48 |    49 |    57 |    10 ||   169
       Tomahawk          |       |       |       |     2 |       |       ||     2
 Cast: Summon Small Mamm |    16 |     6 |     9 |       |       |       ||    31
       Call Imp          |     9 |    16 |    29 |       |       |       ||    54
       Call Canine Famil |    11 |    23 |    52 |    54 |    43 |    12 ||   195
       Summon Ice Beast  |       |       |    18 |   187 |   162 |   100 ||   467
       Summon Lightning  |       |       |     4 |    13 |   130 |   122 ||   269
       Blink             |       |       |     1 |     6 |     1 |     6 ||    14
       Portal Projectile |       |       |       |    20 |     2 |     5 ||    27
       Shroud of Golubri |       |       |       |       |     2 |     2 ||     4
       Passage of Golubr |       |       |       |       |     3 |       ||     3
       Control Teleport  |       |       |       |       |       |     2 ||     2
Invok: Bend Time         |       |       |     2 |       |       |     1 ||     3
       Slouch            |       |       |       |    10 |     8 |    10 ||    28
       Temporal Distorti |       |       |       |     1 |       |     1 ||     2
       Step From Time    |       |       |       |       |     3 |     7 ||    10
 Abil: Spit Acid         |       |       |     4 |     1 |     2 |    12 ||    19
       Evoke Flight      |       |       |       |       |    10 |    14 ||    24
Evoke: Wand              |       |     1 |       |       |     1 |     2 ||     4
       Fan of gales      |       |       |       |     1 |       |       ||     1
       Phantom mirror    |       |       |       |       |     1 |       ||     1
  Use: Potion            |     5 |     2 |     1 |     2 |     1 |     2 ||    13
       Scroll            |     7 |     4 |     5 |    17 |    17 |     8 ||    58
 Stab: Sleeping          |     2 |     2 |     2 |       |    10 |     3 ||    19
       Distracted        |       |       |     2 |    10 |    45 |    27 ||    84
       Confused          |       |       |       |       |     4 |       ||     4
  Eat: Chunk             |     6 |    12 |    20 |    16 |    35 |    37 ||   126
       Fruit             |     4 |       |     4 |    10 |    10 |     6 ||    34
       Pizza             |     1 |       |     1 |     4 |     2 |     1 ||     9
       Beef jerky        |       |       |     2 |     4 |     8 |     1 ||    15
       Royal jelly       |       |       |     1 |       |     1 |     3 ||     5
